3AAA
GRYFINDOR BRAVES @ SYLVANIA MAPLE LEAVES
07/25/2018
 
TOP OF THE 1ST
Gryfindor Braves batting - Pitching for Sylvania Maple Leaves : RHP Dave Conley
Pitching: RHP Dave Conley
Batting: RHB Ignacio García 0-0: SINGLE (Flyball, 8LS)
Batting: RHB José Casarreal 0-0: SINGLE (Groundball, 56) (infield hit)
Ignacio García to second
Batting: RHB Arlen King 0-0: Ball
1-0: Called Strike
1-1: Foul Ball, location: 2F
1-2: Foul Ball, location: 2F
1-2: Fly out, F7 (Flyball, 7M)
Batting: RHB Pedro Cruz 0-0: Called Strike
0-1: Grounds into double play, 5-4-3 (Groundball, 5)
Top of the 1st over - 0 run(s), 2 hit(s), 0 error(s), 1 left on base; Gryfindor 0 - Sylvania 0
BOTTOM OF THE 1ST
Sylvania Maple Leaves batting - Pitching for Gryfindor Braves : RHP Ben Smith
Pitching: RHP Ben Smith
Batting: RHB Kenny Norton 0-0: Ball
1-0: Ball
2-0: Called Strike
2-1: Foul Ball, location: 2F
2-2: Ball
3-2: Ground out 4-3 (Groundball, 4)
Batting: SHB Curt Bryant 0-0: Ball
1-0: Ball
2-0: Fly out, F9 (Flyball, 9M)
Batting: RHB Nick McKnight 0-0: Foul Ball, location: 2F
0-1: Called Strike
0-2: Ball
1-2: Strikes out swinging
Bottom of the 1st over - 0 run(s), 0 hit(s), 0 error(s), 0 left on base; Gryfindor 0 - Sylvania 0
TOP OF THE 2ND
Gryfindor Braves batting - Pitching for Sylvania Maple Leaves : RHP Dave Conley
Batting: SHB Joe Werner 0-0: Called Strike
0-1: Swinging Strike
0-2: Ball
1-2: Ball
2-2: Ball
3-2: Strikes out looking
Batting: LHB Jim Unknown 0-0: Ball
1-0: Foul Ball, location: 2F
1-1: Called Strike
1-2: Strikes out looking
Batting: RHB Miguel Torres 0-0: Called Strike
0-1: Ball
1-1: DOUBLE (Line Drive, 34D)
Batting: RHB Alfredo Martínez 0-0: Called Strike
0-1: Ball
1-1: Swinging Strike
1-2: Foul Ball, location: 2F
1-2: Ball
2-2: Ground out 6-3 (Groundball, 6M)
Top of the 2nd over - 0 run(s), 1 hit(s), 0 error(s), 1 left on base; Gryfindor 0 - Sylvania 0
BOTTOM OF THE 2ND
Sylvania Maple Leaves batting - Pitching for Gryfindor Braves : RHP Ben Smith
Batting: LHB Iván Gonzáles 0-0: Swinging Strike
0-1: Ball
1-1: Foul Ball, location: 2F
1-2: Fly out, F7 (Flyball, 8LD)
Batting: RHB Bernardo Márquez 0-0: Ball
1-0: Fly out, F8 (Popup, 6MD)
Batting: RHB Ingo van Ham 0-0: Swinging Strike
0-1: Ground out 6-3 (Groundball, 6)
Bottom of the 2nd over - 0 run(s), 0 hit(s), 0 error(s), 0 left on base; Gryfindor 0 - Sylvania 0
TOP OF THE 3RD
Gryfindor Braves batting - Pitching for Sylvania Maple Leaves : RHP Dave Conley
Batting: RHB Claudio Pérez 0-0: Foul Ball, location: 2F
0-1: Reached on error, E5 (Groundball, 5L)
Batting: RHB Ignacio García 0-0: Ball
1-0: Called Strike
1-1: Ball
2-1: Ball
3-1: Foul Ball, location: 2F
3-2: Strikes out swinging
Batting: RHB José Casarreal 0-0: Grounds into double play, U6-3 (Groundball, 6)
Top of the 3rd over - 0 run(s), 0 hit(s), 1 error(s), 0 left on base; Gryfindor 0 - Sylvania 0
BOTTOM OF THE 3RD
Sylvania Maple Leaves batting - Pitching for Gryfindor Braves : RHP Ben Smith
Batting: RHB Bartolo García 0-0: Foul Ball, location: 2F
0-1: Ball
1-1: Ball
2-1: Ground out 6-3 (Groundball, 6M)
Batting: LHB Carl Pierce 0-0: Called Strike
0-1: Ground out 6-3 (Groundball, 6S)
Batting: RHB José Valdéz 0-0: Ball
1-0: Called Strike
1-1: Foul Ball, location: 2F
1-2: Strikes out swinging
Bottom of the 3rd over - 0 run(s), 0 hit(s), 0 error(s), 0 left on base; Gryfindor 0 - Sylvania 0
TOP OF THE 4TH
Gryfindor Braves batting - Pitching for Sylvania Maple Leaves : RHP Dave Conley
Batting: RHB Arlen King 0-0: Swinging Strike
0-1: Ball
1-1: Swinging Strike
1-2: Strikes out looking
Batting: RHB Pedro Cruz 0-0: Fly out, F4 (Popup, 4MD)
Batting: SHB Joe Werner 0-0: SINGLE (Line Drive, 6MD)
Batting: LHB Jim Unknown 0-0: Called Strike
0-1: Ball
1-1: Ground out 4-3 (Groundball, 4)
Top of the 4th over - 0 run(s), 1 hit(s), 0 error(s), 1 left on base; Gryfindor 0 - Sylvania 0
BOTTOM OF THE 4TH
Sylvania Maple Leaves batting - Pitching for Gryfindor Braves : RHP Ben Smith
Batting: RHB Kenny Norton 0-0: Ball
1-0: Ball
2-0: SINGLE (Line Drive, 3L)
Batting: SHB Curt Bryant 0-0: Ball
1-0: Grounds into double play, U6-3 (Groundball, 6M)
Batting: RHB Nick McKnight 0-0: Ball
1-0: Called Strike
1-1: Ball
2-1: Ball
3-1: Foul Ball, location: 2F
3-2: Base on Balls
Batting: LHB Iván Gonzáles 0-0: Called Strike
0-1: Foul Ball, location: 2F
0-2: Ball
1-2: Ground out 4-3 (Groundball, 34)
Bottom of the 4th over - 0 run(s), 1 hit(s), 0 error(s), 1 left on base; Gryfindor 0 - Sylvania 0
TOP OF THE 5TH
Gryfindor Braves batting - Pitching for Sylvania Maple Leaves : RHP Dave Conley
Batting: RHB Miguel Torres 0-0: Called Strike
0-1: Ball
1-1: Called Strike
1-2: Ball
2-2: Foul Ball, location: 2F
2-2: Foul Ball, location: 2F
2-2: Foul Ball, location: 2F
2-2: Reached on error, E6 (Groundball, 6S)
Batting: RHB Alfredo Martínez 0-0: Ball
1-0: Called Strike
1-1: Called Strike
1-2: Ball
2-2: Strikes out swinging
Batting: RHB Claudio Pérez 0-0: Called Strike
0-1: Foul Ball, location: 2F
0-2: Foul Ball, location: 2F
0-2: Fly out, F9 (Flyball, 9S)
Batting: RHB Ignacio García 0-0: Ball
1-0: Foul Ball, location: 2F
1-1: Ground out 4-3 (Groundball, 4)
Top of the 5th over - 0 run(s), 0 hit(s), 1 error(s), 1 left on base; Gryfindor 0 - Sylvania 0
BOTTOM OF THE 5TH
Sylvania Maple Leaves batting - Pitching for Gryfindor Braves : RHP Ben Smith
Batting: RHB Bernardo Márquez 0-0: Ball
1-0: Called Strike
1-1: Ball
2-1: Ground out U3 (Groundball, 3)
Batting: RHB Ingo van Ham 0-0: Ball
1-0: Ball
2-0: Called Strike
2-1: Ball
3-1: Fly out, F8 (Flyball, 8LXD)
Batting: RHB Bartolo García 0-0: Ball
1-0: Called Strike
1-1: Ball
2-1: Called Strike
2-2: Fly out, F8 (Flyball, 8RM)
Bottom of the 5th over - 0 run(s), 0 hit(s), 0 error(s), 0 left on base; Gryfindor 0 - Sylvania 0
TOP OF THE 6TH
Gryfindor Braves batting - Pitching for Sylvania Maple Leaves : RHP Dave Conley
Batting: RHB José Casarreal 0-0: Called Strike
0-1: Ball
1-1: Foul Ball, location: 2F
1-2: Ground out 4-3 (Groundball, 4)
Batting: RHB Arlen King 0-0: Called Strike
0-1: Ball
1-1: Ball
2-1: Ball
3-1: SINGLE (Line Drive, 8LS)
Batting: RHB Pedro Cruz 0-0: Called Strike
0-1: SINGLE (Groundball, 34S)
Arlen King to second
Runner from 2nd tries for 3rd, SAFE, throw made to third
Pedro Cruz to second
Batting: SHB Joe Werner 0-0: Called Strike
0-1: Fly out, F7 (Flyball, 7D)
Runner from 3rd tags up, SCORES, no throw
Pedro Cruz to third
Batting: LHB Jim Unknown 0-0: Swinging Strike
0-1: Fly out, F8 (Flyball, 8RM)
Top of the 6th over - 1 run(s), 2 hit(s), 0 error(s), 1 left on base; Gryfindor 1 - Sylvania 0
BOTTOM OF THE 6TH
Sylvania Maple Leaves batting - Pitching for Gryfindor Braves : RHP Ben Smith
Batting: LHB Carl Pierce 0-0: Ball
1-0: Called Strike
1-1: Ball
2-1: Ground out 4-3 (Groundball, 4)
Batting: RHB José Valdéz 0-0: Called Strike
0-1: Swinging Strike
0-2: Foul Ball, location: 2F
0-2: Foul Ball, location: 2F
0-2: Ball
1-2: Foul Ball, location: 2F
1-2: Ball
2-2: Fly out, F6 (Line Drive, 6MD)
Batting: RHB Kenny Norton 0-0: Foul Ball, location: 2F
0-1: Ball
1-1: Called Strike
1-2: Ball
2-2: Strikes out swinging
Bottom of the 6th over - 0 run(s), 0 hit(s), 0 error(s), 0 left on base; Gryfindor 1 - Sylvania 0
TOP OF THE 7TH
Gryfindor Braves batting - Pitching for Sylvania Maple Leaves : RHP Dave Conley
Batting: RHB Miguel Torres 0-0: Called Strike
0-1: Foul Ball, location: 2F
0-2: Ground out 1-3 (Groundball, 13)
Batting: RHB Alfredo Martínez 0-0: Ball
1-0: Ball
2-0: Ball
3-0: Base on Balls
Pinch Hitting: RHB Kyle Wilson 0-0: Ball
1-0: Ball
2-0: Swinging Strike
2-1: Ball
Wild Pitch!
Alfredo Martínez to second
3-1: Intentional Walk
Batting: RHB Ignacio García 0-0: Called Strike
0-1: Foul Ball, location: 2F
0-2: Ball
1-2: Foul Ball, location: 2F
1-2: Strikes out looking
Batting: RHB José Casarreal 0-0: Ball
1-0: Ball
2-0: Foul Ball, location: 2F
2-1: Called Strike
2-2: Foul Ball, location: 2F
2-2: Foul Ball, location: 2F
2-2: Foul Ball, location: 2F
2-2: Strikes out swinging
Top of the 7th over - 0 run(s), 0 hit(s), 0 error(s), 2 left on base; Gryfindor 1 - Sylvania 0
BOTTOM OF THE 7TH
Sylvania Maple Leaves batting - Pitching for Gryfindor Braves : RHP Ben Smith
Now at 3B: Kyle Wilson
Batting: SHB Curt Bryant 0-0: Foul Ball, location: 2F
0-1: Ball
1-1: Swinging Strike
1-2: Strikes out looking
Batting: RHB Nick McKnight 0-0: SINGLE (Line Drive, 78S)
Batting: LHB Iván Gonzáles 0-0: Swinging Strike
0-1: Ball
1-1: Grounds out, U3 (Groundball, 3L)
Batting: RHB Bernardo Márquez 0-0: Ball
1-0: Ball
2-0: Ground out 2-3 (Groundball, 2R)
Bottom of the 7th over - 0 run(s), 1 hit(s), 0 error(s), 1 left on base; Gryfindor 1 - Sylvania 0
TOP OF THE 8TH
Gryfindor Braves batting - Pitching for Sylvania Maple Leaves : RHP Dave Conley
Batting: RHB Arlen King 0-0: Ball
1-0: Called Strike
1-1: Foul Ball, location: 2F
1-2: Strikes out swinging
Batting: RHB Pedro Cruz 0-0: Ball
1-0: Foul Ball, location: 2F
Single, Error in OF, E8, batter to second base
Batting: SHB Joe Werner 0-0: Ball
1-0: Called Strike
1-1: SINGLE (Line Drive, 56D)
Pedro Cruz to third
Runner from 3rd tries for Home, SAFE, no throw or cutoff
Pitching: RHP Paul Nance
Batting: LHB Jim Unknown 0-0: Ball
1-0: Called Strike
1-1: Ball
2-1: Foul Ball, location: 2F
2-2: Strikes out swinging
Batting: RHB Miguel Torres 0-0: Ground out 4-3 (Groundball, 34)
Top of the 8th over - 1 run(s), 2 hit(s), 1 error(s), 1 left on base; Gryfindor 2 - Sylvania 0
BOTTOM OF THE 8TH
Sylvania Maple Leaves batting - Pitching for Gryfindor Braves : RHP Ben Smith
Batting: RHB Ingo van Ham 0-0: Swinging Strike
0-1: Ball
1-1: Called Strike
1-2: Fly out, F7 (Flyball, 7M)
Batting: RHB Bartolo García 0-0: Called Strike
0-1: Called Strike
0-2: Strikes out swinging
Batting: LHB Carl Pierce 0-0: Foul Ball, location: 2F
0-1: Swinging Strike
0-2: Ball
1-2: Ball
2-2: Foul Ball, location: 2F
2-2: Ball
3-2: Strikes out swinging
Bottom of the 8th over - 0 run(s), 0 hit(s), 0 error(s), 0 left on base; Gryfindor 2 - Sylvania 0
TOP OF THE 9TH
Gryfindor Braves batting - Pitching for Sylvania Maple Leaves : RHP Paul Nance
Batting: RHB Alfredo Martínez 0-0: Fly out, F9 (Flyball, 9M)
Batting: RHB Kyle Wilson 0-0: Called Strike
0-1: Ball
1-1: Ground out 2-3 (Groundball, 15S)
Batting: RHB Ignacio García 0-0: Called Strike
0-1: Ball
1-1: Ball
2-1: Ball
3-1: Foul Ball, location: 2F
3-2: Foul Ball, location: 2F
3-2: Base on Balls
Batting: RHB José Casarreal 0-0: Ball
1-0: Ground out 4-3 (Groundball, 4)
Top of the 9th over - 0 run(s), 0 hit(s), 0 error(s), 1 left on base; Gryfindor 2 - Sylvania 0
BOTTOM OF THE 9TH
Sylvania Maple Leaves batting - Pitching for Gryfindor Braves : RHP Ben Smith
Batting: RHB José Valdéz 0-0: Ball
1-0: SOLO HOME RUN (Flyball, 78XD), Distance : 438 ft
Pitching: LHP Dave Davis
Batting: RHB Kenny Norton 0-0: Ground out 3-1 (Groundball, 34)
Pinch Hitting: RHB Trevor Gardner 0-0: Foul Ball, location: 2F
0-1: Ball
1-1: Ball
2-1: Called Strike
2-2: Ball
3-2: Foul Ball, location: 2F
3-2: SINGLE (Line Drive, 6MD)
Batting: RHB Nick McKnight 0-0: Swinging Strike
0-1: Called Strike
0-2: Strikes out swinging
Batting: LHB Iván Gonzáles 0-0: Called Strike
0-1: Fly out, F4 (Popup, 4S)
Bottom of the 9th over - 1 run(s), 2 hit(s), 0 error(s), 1 left on base; Gryfindor 2 - Sylvania 1
This league is powered by Out of the Park Baseball, the baseball management simulation game for PC, Mac and Linux
Monday, May 4th, 2015 - OOTP Baseball 15.6 Build 34